 Dungeon Crawl Stone Soup version 0.29-a0-870-g2c972031a6 (webtiles) character file.

Game seed: 13222825395956198119

105 porpoise the Poker (level 4, -3/35 HPs)
             Began as a Demonspawn Gladiator on July 18, 2022.
             Killed by divine providence
             ... invoked by an orc priest
              (16 damage)
             ... on level 3 of the Dungeon.
             The game lasted 00:05:34 (2539 turns).

porpoise the Poker (Demonspawn Gladiator)           Turns: 2539, Time: 00:05:35

Health: -3/35      AC:  6    Str: 16    XL:     4   Next: 53%
Magic:  4/4        EV: 12    Int: 11    God:
Gold:   164        SH:  0    Dex: 15    Spells: 3/3 levels left

rFire   . . .      SeeInvis .   a - +0 trident
rCold   . . .      Faith    .   (no shield)
rNeg    . . .      Spirit   .   b - +0 leather armour
rPois   .          Reflect  .   c - +0 helmet
rElec   .          Harm     .   u - +0 cloak
rCorr   .          Rampage  .   q - +0 pair of gloves
Will    .....                   (no boots)
Stlth   +.........              (no amulet)
HPRegen 0.11/turn               (no ring)
MPRegen 0.09/turn               (no ring)

@: no status effects
A: powered by death 1, big brain 1
a: no special abilities


You were on level 3 of the Dungeon.
You visited 1 branch of the dungeon, and saw 3 of its levels.

You collected 164 gold pieces.

Inventory:

Hand Weapons
 a - a +0 trident (weapon)
 f - a +0 short sword of venom
Missiles
 d - 3 throwing nets (quivered)
 e - a javelin
 g - 4 atropa-tipped darts
 i - 5 curare-tipped darts
 r - 6 poisoned darts
 t - 2 boomerangs
Armour
 b - a +0 leather armour (worn)
 c - a +0 helmet (worn)
 q - a +0 pair of gloves (worn)
 u - a +0 cloak (worn)
Jewellery
 m - a ring of fire
Scrolls
 h - a scroll of summoning {unknown}
 j - 2 scrolls of fog {unknown}
 k - 2 scrolls of identify {unknown}
 n - a scroll of magic mapping {unknown}
 o - 2 scrolls of enchant weapon {unknown}
 p - a scroll of poison {unknown}
 w - a scroll of enchant armour {unknown}
Potions
 l - a potion of might {unknown}
 s - a potion of degeneration {unknown}
 v - a potion of brilliance {unknown}
 x - a potion of magic {unknown}
 z - 2 potions of haste {unknown}
 A - a potion of ambrosia {unknown}


   Skills:
 + Level 3.1 Fighting
 * Level 4.3 Polearms
 - Level 1.7 Throwing
 - Level 2.6 Dodging


You had 3 spell levels left.
You didn't know any spells.
Your spell library contained the following spells:

 Spells                   Type           Power      Damage    Failure   Level
 Summon Small Mammal      Summ           0%         N/A       41%         1
 Call Canine Familiar     Summ           0%         N/A       78%         3
 Summon Guardian Golem    Hex/Summ       0%         N/A       78%         3


Dungeon Overview and Level Annotations

Branches:
Dungeon (3/15)

Altars:
Uskayaw


Innate Abilities, Weirdness & Mutations

You regenerate a little health from kills.
You have an unusually large brain. (Int +2)


Message History

A dart slug comes into view.
The dart slug launches a dart at you. The slug dart misses you.
You reach to attack!
You hit the dart slug.
The dart slug is lightly wounded.
The dart slug launches a dart at you. The slug dart hits you.
You reach to attack!
You hit the dart slug.
The dart slug is moderately wounded.
You reach to attack!
You hit the dart slug.
The dart slug is moderately wounded.
You hit the dart slug but do no damage.
The dart slug is moderately wounded.
The dart slug launches a dart at you. The slug dart misses you.
You hit the dart slug.
The dart slug is severely wounded.
The dart slug bites you but does no damage.
You hit the dart slug.
The dart slug is severely wounded.
You puncture the dart slug!
You kill the dart slug!
You see here a dart slug corpse.
An orc and an orc priest come into view.
The orc shouts!
You hear a shout! x2
An orc comes into view. It is wielding a +1 dagger of venom.
The orc shouts!
The orc priest shouts!
You hear a shout!
The orc priest mumbles some strange prayers to Beogh against you.
Beogh smites you!
An orc comes into view. It is wielding a +0 hand axe.
An orc comes into view. It is wielding a +0 dagger.
You hit the orc.
The orc is moderately wounded.
The orc priest mumbles some strange prayers to Beogh against you.
Beogh smites you! The orc hits you but does no damage.
You hit the orc.
The orc is almost dead.
The orc priest invokes the aid of Beogh against you.
Beogh smites you!
You die...

#.. ..# ####.# #.# ..#o#
#.# #..o# ######.# ..o.
).....# .o# ####.# #.#
#o# #....###.#####
#@###.#..........#
...###.#...........##.#
.....!....#..#.###..##†#
....###...#..#.###..##.#
#. #.............##.#
#.####..#............#
#............####.####
######....:..# #.#
##.##..## #.#


You could see an orc priest and 4 orcs.

Vanquished Creatures
  Jessica (D:3)
  2 adders (D:2)
  A worm (D:2)
  3 dart slugs
  4 orcs (D:3)
  6 ball pythons
  5 endoplasms (D:1)
  3 giant cockroaches
  3 goblins
  3 hobgoblins
  A quokka (D:2)
  2 bats
  5 kobolds (D:1)
  7 rats
46 creatures vanquished.

Notes
Turn   | Place    | Note
-------+----------+-------------------------------------------
     0 | D:1      | porpoise the Demonspawn Gladiator began the quest for the
                  | Orb.
     0 | D:1      | Reached XP level 1. HP: 16/16 MP: 1/1
   264 | D:1      | Reached skill level 3 in Polearms
   275 | D:1      | Gained mutation: You regenerate a little health from kills.
                  | [demonic ancestry]
   275 | D:1      | Reached XP level 2. HP: 22/22 MP: 2/2
  1076 | D:2      | Found a faded altar of an unknown god.
  1085 | D:2      | Reached XP level 3. HP: 27/28 MP: 3/3
  1658 | D:2      | Found a hide-covered altar of Uskayaw.
  2222 | D:3      | Reached skill level 4 in Polearms
  2230 | D:3      | Gained mutation: You have an unusually large brain. (Int
                  | +2) [demonic ancestry]
  2230 | D:3      | Reached XP level 4. HP: 31/34 MP: 4/4
  2359 | D:3      | Noticed Jessica
  2364 | D:3      | Killed Jessica
  2539 | D:3      | Killed from afar by an orc priest

Illustrated notes

Levels and vault maps discovered:
D:1:      lightli_arrival_quake, layout_loops_cross,
          chequers_serial_rivers_micro_d
D:2:      layout_basic, shapermc_ecumenical_altar_starsandcircs, basic_altar
D:3:      layout_loops_ring, mainiacjoe_overflow_small_starburst, uniq_grinder,
          uniq_jessica

Skill      XL: |  1  2  3  4 |
---------------+-------------+-----
Polearms       | 3 4 |  4.3
Fighting       | 3 |  3.1
Throwing       | |  1.7
Dodging        | |  2.6

Action                   |  1- 3 |  4- 6 || total
-------------------------+-------+-------++-------
Melee: Trident           |   119 |    18 ||   137
       Short sword       |     5 |       ||     5
       Punch             |     3 |       ||     3
 Stab: Sleeping          |     4 |       ||     4
Armor: Leather armour    |    31 |     4 ||    35
Dodge: Dodged            |    56 |     5 ||    61

Table legend: (Time is in decaauts)
 A = Elapsed time spent in this place.
 B = Non-inter-level travel time spent in this place.
 C = Inter-level travel time spent in this place.
 D = Time resting spent in this place.
 E = Time spent auto-exploring this place.
 F = Levels seen in this place.
 G = Mean time per level.
                   A        B        C        D        E       F      G
               +--------+--------+--------+--------+--------+-----+--------+
         Total |   2554 |   2474 |     80 |    356 |   1731 |   3 |  851.3 |
       Dungeon |   2554 |   2474 |     80 |    356 |   1731 |   3 |  851.3 |
               +--------+--------+--------+--------+--------+-----+--------+

Top non-repeatable levels by time:
     D:2: 1143 daAuts
     D:1: 1055 daAuts
     D:3: 355 daAuts
